 Dungeon Crawl Stone Soup version 0.22.0-38-g04b72b8 (console) character file.

8101 nht the Severer (level 11, -4/85 HPs)
             Began as a Minotaur Hunter on Aug 26, 2018.
             Was a High Priest of Okawaru.
             Slain by a ten-headed hydra (5 damage)
             ... on level 1 of the Lair of Beasts.
             The game lasted 00:16:10 (10193 turns).

nht the Severer (Minotaur Hunter)                  Turns: 10193, Time: 00:16:11

Health: -4/85      AC: 12    Str: 19    XL:     11   Next: 5%
Magic:  0/21       EV:  8    Int:  8    God:    Okawaru [*****.]
Gold:   490        SH:  0    Dex: 12    Spells: 10/10 levels left

rFire    + + .     SeeInvis .   a - +1 hand crossbow
rCold    . . .     Gourm    .   (no shield)
rNeg     . . .     Faith    +   q - +3 chain mail {rF+}
rPois    .         Spirit   +   (helmet restricted)
rElec    .         Reflect  .   v - scarf {Spirit}
rCorr    .         Harm     .   (no gloves)
MR       .....                  (no boots)
Stlth    ..........             e - amulet of faith
HPRegen  0.24/turn              o - ring of magical power
MPRegen  0.17/turn              s - ring of protection from fire

@: about to teleport
A: retaliatory headbutt, horns 2
a: Heroism, Finesse, Renounce Religion


You were on level 1 of the Lair of Beasts.
You worshipped Okawaru.
Okawaru was extremely pleased with you.
You were not hungry.

You visited 3 branches of the dungeon, and saw 11 of its levels.

You collected 632 gold pieces.
You spent 142 gold pieces at shops.

Inventory:

Hand Weapons
 a - a +1 hand crossbow (weapon)
 b - a +0 war axe
 c - a +0 battleaxe
Missiles
 u - 50 bolts (quivered)
Armour
 d - a +0 leather armour of poison resistance
 q - a +3 chain mail of fire resistance (worn)
 v - a scarf of spirit shield (worn)
Jewellery
 e - an amulet of faith (around neck)
 l - a +3 ring of dexterity
 o - a ring of magical power (left hand)
 s - a ring of protection from fire (right hand)
Wands
 x - a wand of iceblast (7)
 y - a wand of random effects (35)
Scrolls
 h - a scroll of silence
 i - 4 scrolls of remove curse
 p - 2 scrolls of fog
 B - 2 scrolls of identify
 C - a scroll of amnesia
Potions
 g - a potion of might
 j - a potion of heal wounds
 k - 2 potions of brilliance
 n - 4 potions of flight
 r - 2 potions of invisibility
 t - a potion of agility
 z - a potion of lignification
Comestibles
 f - 17 rations
 w - 3 chunks of flesh


   Skills:
 + Level 4.8 Fighting
 + Level 15.4 Axes
 - Level 10.0 Crossbows
 + Level 3.8 Armour
 - Level 2.1 Dodging
 - Level 0.7 Stealth
 + Level 3.1 Invocations


You had 10 spell levels left.
You didn't know any spells.
Your spell library contained the following spells:

 Spells                   Type           Power        Failure   Level  Hunger
 Beastly Appendage        Tmut           #.....       99%         1    ##.....
 Magic Dart               Conj           #...         99%         1    ##.....
 Blink                    Tloc           N/A          100%        2    ###....
 Call Imp                 Summ           #.......     100%        2    ###....
 Slow                     Hex            #.......     100%        2    ###....
 Sticks to Snakes         Tmut           #.......     100%        2    ###....
 Conjure Flame            Conj/Fire      #.......     100%        3    ####...
 Mephitic Cloud           Conj/Pois/Air  #.......     100%        3    ####...
 Spider Form              Tmut/Pois      #.........   100%        3    ####...
 Ice Form                 Ice/Tmut       #.......     100%        4    #####..
 Blade Hands              Tmut           #.........   100%        5    ######.


Dungeon Overview and Level Annotations

Branches:
Dungeon (9/15)             Temple (1/1) D:4            Lair (1/6) D:8
    Orc (0/2) D:9

Altars:
Ashenzari
Cheibriados
Dithmenos
Elyvilon
Fedhas
Gozag
Hepliaklqana
Kikubaaqudgha
Makhleb
Nemelex Xobeh
Okawaru
Qazlal
Ru
Sif Muna
Trog
Uskayaw
Vehumet
Wu Jian
Xom
Yredelemnul
Zin
The Shining One

Shops:
D:8 *

Annotations:
Lair:1 Fannar


Innate Abilities, Weirdness & Mutations

You reflexively headbutt those who attack you in melee.
You have a pair of horns on your head.


Message History

Aim: Fannar, wielding a quarterstaff of freezing, wearing a robe of cold resistance and wearing a ring of ice (almost dead, covered in an icy film)
You shoot a bolt. The bolt hits Fannar.
Fannar is almost dead.
The ice beast hits you.
* * * LOW HITPOINT WARNING * * *
The ice beast freezes you!
* * * LOW HITPOINT WARNING * * *
The ice beast barely misses you. Fannar gestures at you while chanting.
The bolt of cold hits you!
* * * LOW HITPOINT WARNING * * *
As you read the scroll of teleportation, it crumbles to dust.
You feel strangely unstable.
The ice beast hits you but does no damage. x2
Fannar closely misses you. The ten-headed hydra barely misses you.
You furiously retaliate!
You headbutt the ten-headed hydra! The ten-headed hydra bites you!
* * * LOW HITPOINT WARNING * * *
The ten-headed hydra bites you!
You die...

.. ██... ...
██████...█ ...
.........█████. ...
............... ...
...............
.......
...............
......
...(((eYD......
..... █Y@...██.████
█....
██....███.█.███....
█....█......██....
█....██.....█.....
.. █.
█.....█...........
..███.
█....██[....██....
......
██....██..>..██....
. █.P.█
█.....█████.█.█....
.. █...
███....█████.███....


You could see Fannar, a ten-headed hydra and 2 ice beasts.

Vanquished Creatures
  A two-headed ogre (D:8)
  Pikel (D:6)
  A rime drake (Lair:1)
  A spiny frog (Lair:1)
  Grinder (D:6)
  A hippogriff (D:8)
  5 blink frogs (Lair:1)
  Eustachio (D:4)
  2 wargs (D:9)
  2 water moccasins
  2 ice beasts
  2 black bears
  2 sky beasts
  7 orc warriors
  A phantom (D:6)
  4 ogres
  A centaur (D:6)
  2 crocodiles (Lair:1)
  A big kobold (D:6)
  3 bullfrogs
  8 killer bees
  4 scorpions
  A wight (D:6)
  5 howler monkeys
  3 crimson imps
  A bullfrog zombie (D:5)
  4 hounds
  2 jellies
  A gnoll shaman (D:9)
  11 orc priests
  7 orc wizards
  A centaur skeleton (D:6)
  A bullfrog skeleton (D:5)
  Terence (D:2)
  5 iguanas
  9 worker ants
  A hound skeleton (D:6)
  Robin (D:2)
  A worker ant zombie (D:5)
  18 gnolls
  10 adders
  A shadow imp (D:8)
  An adder zombie (D:9)
  2 adder skeletons
  A worm (D:6)
  2 dart slugs (D:1)
  7 leopard geckos
  37 orcs
  7 bats
  9 giant cockroaches
  7 hobgoblins
  12 jackals
  3 quokkas
  11 frilled lizards
  16 goblins
  A jackal zombie (D:8)
  12 kobolds
  A leopard gecko skeleton (D:6)
  11 rats
  A spectral orc (D:3)
278 creatures vanquished.

Vanquished Creatures (others)
  A slave (D:7)
  A sky beast (D:7)
  A howler monkey (D:7)
  An orc wizard (D:8)
  4 orcs (D:7)
  2 kobolds (D:7)
  A fungus (Lair:1)
11 creatures vanquished.

Grand Total: 289 creatures vanquished

Notes
Turn   | Place    | Note
-------+----------+-------------------------------------------
     0 | D:1      | nht the Minotaur Hunter began the quest for the Orb.
     0 | D:1      | Reached XP level 1. HP: 18/18 MP: 0/0
   192 | D:1      | Reached XP level 2. HP: 25/25 MP: 1/1
   220 | D:1      | Reached skill level 5 in Crossbows
   566 | D:1      | Reached XP level 3. HP: 24/30 MP: 2/2
   975 | D:2      | Reached XP level 4. HP: 21/37 MP: 3/3
  1128 | D:2      | Noticed Robin
  1150 | D:2      | Killed Robin
  1306 | D:2      | Noticed Terence
  1328 | D:2      | Killed Terence
  1328 | D:2      | Reached XP level 5. HP: 37/42 MP: 4/4
  1486 | D:2      | Found a shadowy altar of Dithmenos.
  1954 | D:3      | Found a basalt altar of Yredelemnul.
  2219 | D:3      | Found a sparkling altar of Nemelex Xobeh.
  2219 | D:3      | Found a burning altar of Makhleb.
  2473 | D:4      | Found a staircase to the Ecumenical Temple.
  2522 | Temple   | Entered the Ecumenical Temple
  2729 | Temple   | Became a worshipper of Warmaster Okawaru
  2810 | D:4      | Reached XP level 6. HP: 45/50 MP: 5/5
  3029 | D:4      | Reached * piety under Okawaru
  3068 | D:4      | Reached XP level 7. HP: 56/56 MP: 6/6
  3070 | D:4      | Noticed Eustachio
  3077 | D:4      | Killed Eustachio
  3260 | D:4      | Reached skill level 1 in Axes
  3260 | D:4      | Reached skill level 10 in Crossbows
  3273 | D:4      | Reached skill level 2 in Axes
  3572 | D:5      | Entered Level 5 of the Dungeon
  3636 | D:5      | Reached skill level 3 in Axes
  3712 | D:5      | Reached skill level 4 in Axes
  3845 | D:5      | Reached ** piety under Okawaru
  3845 | D:5      | Reached skill level 5 in Axes
  3845 | D:5      | Reached XP level 8. HP: 33/62 MP: 7/7
  4087 | D:6      | Noticed Grinder
  4146 | D:5      | Reached skill level 6 in Axes
  4250 | D:6      | Found an opulent altar of Gozag.
  4291 | D:6      | Reached skill level 7 in Axes
  4606 | D:6      | Reached skill level 8 in Axes
  4841 | D:6      | Reached skill level 9 in Axes
  4911 | D:6      | Reached *** piety under Okawaru
  5124 | D:6      | Killed Grinder
  5124 | D:6      | Reached skill level 10 in Axes
  5124 | D:6      | Reached XP level 9. HP: 68/68 MP: 8/8
  5170 | D:6      | Received a gift from Okawaru
  5378 | D:6      | Found a shimmering altar of Xom.
  5488 | D:7      | Noticed Pikel
  5511 | D:6      | Killed Pikel
  5511 | D:6      | Reached skill level 11 in Axes
  5524 | D:7      | Reached **** piety under Okawaru
  5598 | D:7      | Reached skill level 12 in Axes
  6678 | D:8      | Reached skill level 13 in Axes
  6684 | D:8      | Noticed a two-headed ogre
  6693 | D:7      | HP: 1/68 [orc warrior/battleaxe (13)]
  7122 | D:8      | Reached XP level 10. HP: 65/74 MP: 9/9
  7425 | D:8      | Found a stormy altar of Qazlal.
  7577 | D:8      | Received a gift from Okawaru
  7620 | D:8      | Found Ytros's Assorted Antiques.
  7634 | D:8      | Bought a scroll of identify for 58 gold pieces
  7634 | D:8      | Bought a bubbling sapphire potion for 26 gold pieces
  7634 | D:8      | Bought a scroll of fog for 58 gold pieces
  7643 | D:8      | Found a staircase to the Lair.
  7660 | D:8      | Killed a two-headed ogre
  7660 | D:8      | Reached ***** piety under Okawaru
  7660 | D:8      | Reached skill level 14 in Axes
  8326 | D:9      | Received a gift from Okawaru
  8508 | D:9      | Found a staircase to the Orcish Mines.
  8550 | D:9      | Reached skill level 15 in Axes
  8941 | D:9      | Found a hide-covered altar of Uskayaw.
  9005 | D:9      | Reached skill level 1 in Armour
  9005 | D:9      | Reached skill level 1 in Invocations
  9055 | D:9      | Received a gift from Okawaru
  9343 | D:9      | Found an ornate altar of the Wu Jian Council.
  9343 | D:9      | Found a bloodstained altar of Trog.
  9345 | D:9      | Found a shattered altar of Ashenzari.
  9459 | Lair:1   | Entered Level 1 of the Lair of Beasts
  9580 | Lair:1   | Noticed a spiny frog
  9585 | Lair:1   | Received a gift from Okawaru
  9585 | Lair:1   | Reached XP level 11. HP: 68/85 MP: 12/12
  9591 | Lair:1   | HP: 4/85 [spiny frog (10)]
  9602 | Lair:1   | HP: 4/85 [poisoned by a spiny frog]
  9607 | Lair:1   | HP: 3/85 [poisoned by a spiny frog]
  9613 | D:8      | HP: 3/85 [poisoned by a spiny frog]
  9621 | D:8      | HP: 3/85 [poisoned by a spiny frog]
 10158 | Lair:1   | Noticed Fannar
 10163 | Lair:1   | Noticed an eight-headed hydra
 10192 | Lair:1   | HP: 4/85 [Fannar/bolt of cold (14)]
 10193 | Lair:1   | HP: 1/85 [ten-headed hydra (4)]
 10193 | Lair:1   | Slain by a ten-headed hydra

Skill      XL: |  1  2  3  4  5  6  7  8  9 10 11 |
---------------+----------------------------------+-----
Crossbows      | 5 6 7 8 9 10 | 10.0
Axes           | 5 10 13 15 | 15.4
Fighting       | 4 |  4.8
Armour         | 3 |  3.8
Invocations    | 2 3 |  3.1
Dodging        | |  2.1
Stealth        | |  0.7

Action                   |  1- 3 |  4- 6 |  7- 9 | 10-12 || total
-------------------------+-------+-------+-------+-------++-------
Melee: Hand axe          |       |       |   288 |       ||   288
       Headbutt          |       |       |    70 |    17 ||    87
       Flail             |       |       |     1 |       ||     1
       Punch             |       |       |     1 |       ||     1
       War axe           |       |       |    63 |   121 ||   184
 Fire: Hand crossbow     |    85 |   177 |    19 |   146 ||   427
Invok: Heroism           |       |       |     5 |     2 ||     7
Evoke: Wand              |       |     4 |     9 |    22 ||    35
  Use: Scroll            |       |       |    16 |     4 ||    20
       Potion            |       |       |     8 |     3 ||    11
  Eat: Chunk             |       |     6 |    14 |     9 ||    29
Armor: Ring mail         |     7 |     6 |       |       ||    13
       Leather armour    |     5 |       |       |       ||     5
       Chain mail        |       |    30 |   172 |    78 ||   280
       Skin              |       |       |       |    65 ||    65
Dodge: Dodged            |    22 |    25 |   124 |    69 ||   240
